[ AOE2 MATCH · #484365468 ]
UnrankedBurgundians vs Jurchens
[ REPLAY ANALYSIS · EXTRACTED FROM THE RECORDED GAME ]
Feudal
13:44
Castle
17:34
Imperial
—
| APM avg | 39.0 |
| APM peak | 79 |
| eAPM avg | 27.1 |
| Villagers / military | 68 / 20 |
Focus
⚔️ 39.9% · 🌾 60.1%
Coustillier ×16 · Fishing Ship ×12 · Monk ×3 · Galley ×1
Feudal
15:36
Castle
—
Imperial
—
| APM avg | 50.0 |
| APM peak | 179 |
| eAPM avg | 19.9 |
| Villagers / military | 44 / 0 |
Focus
⚔️ 33.9% · 🌾 66.1%
Fishing Ship ×10
Feudal
13:30
Castle
17:05
Imperial
—
| APM avg | 50.3 |
| APM peak | 95 |
| eAPM avg | 28.9 |
| Villagers / military | 71 / 18 |
Focus
⚔️ 36.9% · 🌾 63.1%
Cavalry Archer ×16 · Monk ×2
Feudal
13:43
Castle
17:43
Imperial
—
| APM avg | 56.6 |
| APM peak | 91 |
| eAPM avg | 21.3 |
| Villagers / military | 94 / 14 |
Focus
⚔️ 23.8% · 🌾 76.2%
Scout Cavalry ×5 · Mangonel ×3 · Scorpion ×3 · Battering Ram ×2 · Spearman ×1
Feudal
14:06
Castle
18:06
Imperial
—
| APM avg | 46.3 |
| APM peak | 78 |
| eAPM avg | 27.6 |
| Villagers / military | 70 / 37 |
Focus
⚔️ 39.1% · 🌾 60.9%
Archer ×34 · Fishing Ship ×8 · Mangonel ×2 · Spearman ×1
Feudal
13:15
Castle
17:02
Imperial
—
| APM avg | 55.9 |
| APM peak | 95 |
| eAPM avg | 22.8 |
| Villagers / military | 103 / 12 |
Focus
⚔️ 27.0% · 🌾 73.0%
Scout Cavalry ×7 · Scorpion ×3 · Monk ×2
Feudal
13:43
Castle
17:38
Imperial
—
| APM avg | 43.1 |
| APM peak | 91 |
| eAPM avg | 20.6 |
| Villagers / military | 72 / 10 |
Focus
⚔️ 26.3% · 🌾 73.7%
Spearman ×5 · Monk ×3 · Warrior Priest ×2
Feudal
11:38
Castle
21:01
Imperial
—
| APM avg | 51.3 |
| APM peak | 86 |
| eAPM avg | 25.3 |
| Villagers / military | 80 / 10 |
Focus
⚔️ 33.3% · 🌾 66.7%
Scout Cavalry ×9 · Spearman ×1
Match map
Initial resources + every placement click. Lines = walls · curves = elevation contours. ◆ gold · ⬟ stone · ● berries · ✦ relic · ◌ wall gap
Your base· Open — 5t gap
bilibili knightk's base· Open — unwalled flank
Oni.TaToH's base· Open — 10t gap
HGB's base· Open — unwalled flank
[R1] Pume's base· Open — 8t gap
Imfury_'s base· Open — unwalled flank
JN-'s base· Open — 8t gap
[R1] 12Tirador's base· Open — 7t gap
Smoothed initial terrain · ◌ = detected wall gap · hover for details
Inputs per minute
— [R1] PoXoLo - - bilibili knightk
Build order — [R1] PoXoLo
First 150 of 182 actions detected
| 0:09 | Build | Town Center |
| 0:15 | Build | House |
| 2:23 | Create | Villager (Male) |
| 2:24 | Create | Villager (Male) |
| 2:25 | Create | Villager (Male) |
| 2:51 | Create | Villager (Male) |
| 3:09 | Build | House |
| 3:47 | Create | Villager (Male) |
| 4:18 | Create | Villager (Male) |
| 4:21 | Create | Villager (Male) |
| 4:39 | Build | House |
| 4:40 | Build | House |
| 4:52 | Create | Villager (Male) |
| 4:52 | Create | Villager (Male) |
| 5:11 | Create | Villager (Male) |
| 5:15 | Build | Lumber Camp |
| 6:01 | Build | House |
| 6:05 | Create | Villager (Male) |
| 6:18 | Research | Double-Bit Axe |
| 6:28 | Create | Villager (Male) |
| 6:40 | Create | Villager (Male) |
| 7:02 | Create | Villager (Male) |
| 7:39 | Build | Dock |
| 7:48 | Create | Villager (Male) |
| 7:49 | Create | Villager (Male) |
| 7:56 | Build | House |
| 8:01 | Build | Palisade Wall |
| 8:20 | Create | Fishing Ship |
| 8:21 | Create | Fishing Ship |
| 8:38 | Create | Villager (Male) |
| 8:38 | Create | Villager (Male) |
| 8:57 | Create | Fishing Ship |
| 9:16 | Create | Villager (Male) |
| 9:24 | Create | Fishing Ship |
| 9:37 | Create | Villager (Male) |
| 9:39 | Build | House |
| 9:45 | Build | Palisade Gate |
| 9:46 | Build | Palisade Wall |
| 9:48 | Build | House |
| 9:52 | Create | Villager (Male) |
| 9:55 | Create | Fishing Ship |
| 10:23 | Create | Fishing Ship |
| 10:25 | Create | Villager (Male) |
| 10:28 | Create | Villager (Male) |
| 10:44 | Research | Loom |
| 10:57 | Build | Mining Camp |
| 11:29 | Research | Feudal Age |
| 11:51 | Build | Mill |
| 11:52 | Create | Fishing Ship |
| 12:08 | Create | Villager (Male) |
| 12:08 | Create | Fishing Ship |
| 12:15 | Research | Tech 906 |
| 12:15 | Research | Tech 906 |
| 12:27 | Build | House |
| 12:28 | Build | House |
| 12:40 | Create | Villager (Male) |
| 12:49 | Create | Villager (Male) |
| 13:17 | Create | Fishing Ship |
| 13:44 | Age | Feudal Age |
| 13:47 | Build | Market |
| 13:57 | Build | Blacksmith |
| 14:27 | Create | Fishing Ship |
| 14:51 | Build | House |
| 14:54 | Research | Castle Age |
| 14:54 | Research | Castle Age |
| 15:03 | Create | Fishing Ship |
| 15:11 | Build | House |
| 15:42 | Research | Bow Saw |
| 15:42 | Research | Bow Saw |
| 16:05 | Create | Villager (Male) |
| 16:21 | Research | Gillnets |
| 16:40 | Build | Fish Trap |
| 16:41 | Create | Fishing Ship |
| 16:47 | Create | Villager (Male) |
| 17:17 | Research | Town Watch |
| 17:34 | Age | Castle Age |
| 17:37 | Create | Villager (Male) |
| 17:51 | Build | Castle |
| 17:54 | Build | Palisade Wall |
| 17:57 | Build | Palisade Wall |
| 17:58 | Create | Galley |
| 18:15 | Create | Villager (Male) |
| 18:25 | Build | Town Center |
| 18:40 | Create | Villager (Male) |
| 18:44 | Build | Fish Trap |
| 18:56 | Create | Villager (Male) |
| 19:11 | Create | Coustillier |
| 19:12 | Build | Outpost |
| 19:19 | Create | Coustillier |
| 19:22 | Create | Villager (Male) |
| 19:25 | Build | Fish Trap |
| 19:30 | Build | Fish Trap |
| 19:31 | Create | Villager (Male) |
| 19:44 | Create | Coustillier |
| 19:48 | Create | Villager (Male) |
| 20:00 | Create | Villager (Male) |
| 20:07 | Create | Villager (Male) |
| 20:12 | Build | Fish Trap |
| 20:27 | Create | Villager (Male) |
| 20:28 | Create | Coustillier |
| 20:42 | Build | Fish Trap |
| 20:45 | Create | Coustillier |
| 20:46 | Create | Villager (Male) |
| 20:56 | Build | Fish Trap |
| 21:04 | Build | Fish Trap |
| 21:10 | Create | Villager (Male) |
| 21:27 | Create | Villager (Male) |
| 21:28 | Build | Monastery |
| 21:41 | Create | Villager (Male) |
| 22:06 | Create | Villager (Male) |
| 22:11 | Build | Town Center |
| 22:18 | Create | Monk |
| 22:23 | Research | Devotion |
| 22:28 | Build | Farm |
| 22:29 | Build | Farm |
| 22:42 | Create | Villager (Male) |
| 22:46 | Create | Villager (Male) |
| 22:48 | Build | Farm |
| 22:49 | Build | Farm |
| 22:50 | Build | Farm |
| 23:06 | Create | Villager (Male) |
| 23:07 | Build | Farm |
| 23:10 | Build | Farm |
| 23:14 | Create | Villager (Male) |
| 23:16 | Build | Farm |
| 23:23 | Build | Mining Camp |
| 23:28 | Create | Coustillier |
| 23:32 | Build | Farm |
| 23:32 | Research | Horse Collar |
| 23:36 | Build | Farm |
| 23:44 | Create | Villager (Male) |
| 23:44 | Create | Villager (Male) |
| 23:44 | Create | Villager (Male) |
| 23:49 | Create | Villager (Male) |
| 23:52 | Build | Lumber Camp |
| 24:05 | Create | Villager (Male) |
| 24:09 | Create | Villager (Male) |
| 24:11 | Build | Mining Camp |
| 24:17 | Create | Coustillier |
| 24:19 | Create | Villager (Male) |
| 24:20 | Build | Farm |
| 24:25 | Create | Monk |
| 24:30 | Create | Coustillier |
| 24:30 | Create | Coustillier |
| 24:34 | Create | Villager (Male) |
| 24:35 | Build | House |
| 24:36 | Build | House |
| 24:57 | Create | Coustillier |
| 25:03 | Create | Coustillier |
| 25:04 | Create | Villager (Male) |
Build order — bilibili knightk
147 actions detected in the replay
| 1:53 | Build | Town Center |
| 2:59 | Build | House |
| 4:18 | Create | Villager (Male) |
| 4:19 | Create | Villager (Male) |
| 4:19 | Create | Villager (Male) |
| 4:19 | Create | Villager (Male) |
| 5:29 | Create | Villager (Male) |
| 5:58 | Create | Villager (Male) |
| 6:05 | Build | House |
| 6:11 | Build | House |
| 6:33 | Create | Villager (Male) |
| 6:33 | Create | Villager (Male) |
| 6:47 | Build | House |
| 6:59 | Create | Villager (Male) |
| 6:59 | Create | Villager (Male) |
| 7:17 | Build | House |
| 7:23 | Build | Lumber Camp |
| 7:26 | Create | Villager (Male) |
| 7:37 | Build | House |
| 7:47 | Create | Villager (Male) |
| 8:18 | Create | Villager (Male) |
| 8:19 | Create | Villager (Male) |
| 8:40 | Create | Villager (Male) |
| 8:51 | Build | Palisade Wall |
| 8:59 | Create | Villager (Male) |
| 8:59 | Create | Villager (Male) |
| 9:05 | Build | Palisade Wall |
| 9:08 | Build | Palisade Wall |
| 9:11 | Build | Palisade Wall |
| 9:20 | Create | Villager (Male) |
| 9:31 | Build | Palisade Wall |
| 9:32 | Build | Palisade Wall |
| 9:33 | Build | Palisade Wall |
| 9:33 | Build | Palisade Wall |
| 9:47 | Build | Dock |
| 9:59 | Create | Villager (Male) |
| 10:15 | Create | Villager (Male) |
| 10:24 | Build | House |
| 10:25 | Build | Palisade Wall |
| 10:31 | Create | Villager (Male) |
| 10:35 | Create | Fishing Ship |
| 10:56 | Build | Palisade Wall |
| 10:57 | Build | Palisade Wall |
| 11:00 | Build | House |
| 11:03 | Build | Palisade Wall |
| 11:04 | Build | Palisade Wall |
| 11:04 | Build | Palisade Wall |
| 11:07 | Build | Palisade Wall |
| 11:07 | Build | Palisade Wall |
| 11:09 | Build | Palisade Wall |
| 11:14 | Build | Palisade Wall |
| 11:15 | Build | Palisade Wall |
| 11:17 | Build | Palisade Wall |
| 11:17 | Build | Palisade Wall |
| 11:18 | Create | Villager (Male) |
| 11:19 | Create | Fishing Ship |
| 11:35 | Create | Villager (Male) |
| 11:51 | Build | Palisade Wall |
| 11:52 | Build | Palisade Wall |
| 11:53 | Build | Palisade Wall |
| 11:58 | Create | Villager (Male) |
| 11:59 | Create | Fishing Ship |
| 12:08 | Research | Loom |
| 12:13 | Build | Palisade Wall |
| 12:19 | Build | Palisade Wall |
| 12:45 | Create | Fishing Ship |
| 13:26 | Research | Feudal Age |
| 13:26 | Research | Feudal Age |
| 13:44 | Create | Fishing Ship |
| 13:53 | Build | House |
| 13:55 | Build | House |
| 14:11 | Build | Mining Camp |
| 14:33 | Create | Fishing Ship |
| 14:56 | Build | Palisade Wall |
| 14:57 | Build | Palisade Wall |
| 15:00 | Build | Palisade Wall |
| 15:04 | Create | Villager (Male) |
| 15:05 | Create | Villager (Male) |
| 15:16 | Build | Lumber Camp |
| 15:29 | Build | House |
| 15:31 | Build | Palisade Wall |
| 15:34 | Build | House |
| 15:36 | Age | Feudal Age |
| 15:37 | Build | Palisade Wall |
| 15:38 | Build | Palisade Wall |
| 15:39 | Build | House |
| 15:40 | Build | Palisade Wall |
| 15:42 | Build | Palisade Wall |
| 15:44 | Build | Palisade Wall |
| 15:45 | Build | Palisade Wall |
| 15:49 | Build | Palisade Wall |
| 16:05 | Research | Double-Bit Axe |
| 16:12 | Create | Villager (Male) |
| 16:23 | Build | Palisade Gate |
| 16:30 | Create | Villager (Male) |
| 16:40 | Create | Villager (Male) |
| 16:46 | Build | House |
| 17:05 | Create | Villager (Male) |
| 17:26 | Build | Mining Camp |
| 17:39 | Build | Palisade Wall |
| 17:46 | Create | Villager (Male) |
| 17:47 | Create | Villager (Male) |
| 18:03 | Create | Villager (Male) |
| 18:14 | Build | Palisade Wall |
| 18:28 | Build | Palisade Wall |
| 18:36 | Create | Villager (Male) |
| 18:51 | Create | Fishing Ship |
| 18:51 | Create | Fishing Ship |
| 19:29 | Create | Villager (Male) |
| 19:33 | Create | Fishing Ship |
| 19:33 | Create | Fishing Ship |
| 19:46 | Build | Mill |
| 20:15 | Build | Palisade Gate |
| 20:34 | Build | Watch Tower |
| 20:37 | Build | Watch Tower |
| 20:39 | Research | Town Watch |
| 20:48 | Build | Watch Tower |
| 21:07 | Create | Villager (Male) |
| 21:08 | Create | Villager (Male) |
| 21:23 | Build | Palisade Gate |
| 21:25 | Build | Palisade Wall |
| 21:27 | Build | Palisade Wall |
| 21:33 | Build | Palisade Wall |
| 21:37 | Build | Palisade Wall |
| 21:39 | Build | Palisade Wall |
| 21:46 | Build | House |
| 21:49 | Build | House |
| 22:12 | Create | Villager (Male) |
| 22:12 | Create | Villager (Male) |
| 22:24 | Build | Watch Tower |
| 22:26 | Build | Palisade Wall |
| 22:41 | Build | House |
| 22:55 | Create | Villager (Male) |
| 23:19 | Build | Market |
| 23:50 | Build | Palisade Wall |
| 23:51 | Create | Villager (Male) |
| 24:01 | Build | Market |
| 24:04 | Build | Blacksmith |
| 24:06 | Create | Villager (Male) |
| 24:38 | Build | Stone Wall |
| 24:41 | Build | Stone Wall |
| 24:43 | Build | Stone Wall |
| 24:58 | Build | Watch Tower |
| 25:06 | Research | Castle Age |
| 25:37 | Build | Lumber Camp |
| 26:22 | Create | Villager (Male) |
| 26:23 | Create | Villager (Male) |
Build order — Oni.TaToH
First 150 of 172 actions detected
| 0:48 | Build | Town Center |
| 2:20 | Build | House |
| 2:55 | Create | Villager (Male) |
| 2:55 | Create | Villager (Male) |
| 3:10 | Create | Villager (Male) |
| 3:14 | Create | Villager (Male) |
| 3:14 | Create | Villager (Male) |
| 3:54 | Create | Villager (Male) |
| 3:54 | Create | Villager (Male) |
| 4:26 | Build | Lumber Camp |
| 4:32 | Build | House |
| 4:34 | Create | Villager (Male) |
| 4:41 | Create | Villager (Male) |
| 5:19 | Create | Villager (Male) |
| 5:52 | Create | Villager (Male) |
| 6:14 | Create | Villager (Male) |
| 6:38 | Build | House |
| 6:43 | Build | Mill |
| 6:45 | Build | House |
| 6:50 | Create | Villager (Male) |
| 7:03 | Create | Villager (Male) |
| 7:32 | Create | Villager (Male) |
| 7:55 | Create | Villager (Male) |
| 7:55 | Create | Villager (Male) |
| 8:19 | Build | House |
| 8:33 | Build | House |
| 8:37 | Create | Villager (Male) |
| 8:48 | Create | Villager (Male) |
| 9:13 | Build | House |
| 9:18 | Create | Villager (Male) |
| 9:45 | Build | Mill |
| 9:47 | Create | Villager (Male) |
| 9:50 | Build | Mill |
| 10:19 | Create | Villager (Male) |
| 10:35 | Create | Villager (Male) |
| 10:41 | Build | Barracks |
| 11:20 | Research | Feudal Age |
| 12:29 | Build | House |
| 12:58 | Create | Villager (Male) |
| 13:30 | Age | Feudal Age |
| 13:33 | Build | Archery Range |
| 13:35 | Build | Blacksmith |
| 13:45 | Create | Villager (Male) |
| 13:54 | Build | Mining Camp |
| 14:19 | Research | Double-Bit Axe |
| 14:19 | Research | Double-Bit Axe |
| 14:25 | Research | Castle Age |
| 14:25 | Research | Castle Age |
| 14:36 | Build | House |
| 15:38 | Create | Villager (Male) |
| 15:38 | Research | Loom |
| 15:59 | Build | House |
| 16:00 | Build | House |
| 17:05 | Age | Castle Age |
| 17:07 | Build | Town Center |
| 17:07 | Create | Cavalry Archer |
| 17:10 | Research | Bow Saw |
| 17:11 | Create | Villager (Male) |
| 17:12 | Create | Cavalry Archer |
| 17:15 | Build | Monastery |
| 17:17 | Build | Palisade Wall |
| 17:57 | Create | Cavalry Archer |
| 18:01 | Research | Fletching |
| 18:08 | Create | Villager (Male) |
| 18:09 | Build | Palisade Wall |
| 18:10 | Build | Palisade Wall |
| 18:11 | Build | Palisade Wall |
| 18:13 | Build | Palisade Wall |
| 18:19 | Create | Villager (Male) |
| 18:25 | Create | Villager (Male) |
| 18:26 | Build | House |
| 18:27 | Build | House |
| 18:28 | Build | Palisade Wall |
| 18:33 | Create | Cavalry Archer |
| 18:34 | Create | Villager (Male) |
| 18:59 | Create | Villager (Male) |
| 19:08 | Create | Cavalry Archer |
| 19:09 | Create | Monk |
| 19:13 | Build | Palisade Wall |
| 19:19 | Create | Cavalry Archer |
| 19:20 | Create | Villager (Male) |
| 19:32 | Create | Villager (Male) |
| 19:48 | Create | Villager (Male) |
| 19:53 | Create | Villager (Male) |
| 19:54 | Build | Farm |
| 19:54 | Build | Farm |
| 19:58 | Build | Town Center |
| 20:09 | Create | Villager (Male) |
| 20:22 | Build | Market |
| 20:24 | Build | Farm |
| 20:42 | Create | Cavalry Archer |
| 20:44 | Build | Farm |
| 20:47 | Create | Villager (Male) |
| 20:59 | Build | Farm |
| 21:00 | Build | Farm |
| 21:05 | Create | Cavalry Archer |
| 21:12 | Build | Farm |
| 21:19 | Create | Villager (Male) |
| 21:22 | Build | Farm |
| 21:29 | Create | Villager (Male) |
| 21:38 | Create | Cavalry Archer |
| 21:50 | Create | Villager (Male) |
| 21:51 | Create | Villager (Male) |
| 22:04 | Create | Cavalry Archer |
| 22:05 | Create | Villager (Male) |
| 22:06 | Create | Cavalry Archer |
| 22:07 | Create | Villager (Male) |
| 22:09 | Build | Farm |
| 22:19 | Create | Villager (Male) |
| 22:20 | Create | Villager (Male) |
| 22:22 | Create | Villager (Male) |
| 22:34 | Research | Town Watch |
| 22:35 | Research | Town Watch |
| 22:36 | Build | Farm |
| 22:39 | Research | Horse Collar |
| 22:52 | Create | Cavalry Archer |
| 22:53 | Create | Villager (Male) |
| 22:56 | Create | Monk |
| 23:03 | Create | Villager (Male) |
| 23:05 | Create | Villager (Male) |
| 23:09 | Build | Palisade Wall |
| 23:10 | Build | Lumber Camp |
| 23:30 | Create | Villager (Male) |
| 23:35 | Build | Palisade Gate |
| 23:40 | Build | Palisade Gate |
| 23:42 | Build | Palisade Wall |
| 23:48 | Create | Villager (Male) |
| 23:49 | Research | Bodkin Arrow |
| 23:59 | Create | Villager (Male) |
| 23:59 | Create | Villager (Male) |
| 24:06 | Create | Villager (Male) |
| 24:13 | Create | Cavalry Archer |
| 24:14 | Create | Villager (Male) |
| 24:14 | Create | Villager (Male) |
| 24:18 | Build | House |
| 24:18 | Build | House |
| 24:31 | Create | Villager (Male) |
| 24:33 | Build | University |
| 24:41 | Create | Villager (Male) |
| 24:45 | Build | Lumber Camp |
| 24:52 | Create | Villager (Male) |
| 24:54 | Create | Cavalry Archer |
| 24:56 | Create | Villager (Male) |
| 24:58 | Build | Lumber Camp |
| 25:00 | Build | Farm |
| 25:01 | Build | Farm |
| 25:01 | Build | Farm |
| 25:17 | Create | Cavalry Archer |
| 25:18 | Create | Villager (Male) |
| 25:18 | Create | Villager (Male) |
Build order — HGB
First 150 of 174 actions detected
| 1:07 | Build | Town Center |
| 3:06 | Build | House |
| 3:13 | Create | Villager (Male) |
| 3:15 | Create | Villager (Male) |
| 3:31 | Build | House |
| 3:35 | Create | Villager (Male) |
| 4:02 | Create | Villager (Male) |
| 4:02 | Create | Villager (Male) |
| 4:38 | Create | Villager (Male) |
| 4:38 | Create | Villager (Male) |
| 5:02 | Create | Villager (Male) |
| 5:02 | Create | Villager (Male) |
| 5:18 | Create | Villager (Male) |
| 5:18 | Create | Villager (Male) |
| 5:55 | Build | Lumber Camp |
| 6:25 | Create | Villager (Male) |
| 6:27 | Create | Villager (Male) |
| 6:27 | Create | Villager (Male) |
| 6:35 | Build | House |
| 7:12 | Create | Villager (Male) |
| 7:12 | Create | Villager (Male) |
| 7:33 | Create | Villager (Male) |
| 7:33 | Create | Villager (Male) |
| 7:33 | Create | Villager (Male) |
| 7:33 | Create | Villager (Male) |
| 7:52 | Create | Villager (Male) |
| 7:58 | Build | House |
| 8:01 | Build | House |
| 8:11 | Build | Mill |
| 8:19 | Build | House |
| 8:24 | Create | Villager (Male) |
| 8:50 | Build | House |
| 9:01 | Create | Villager (Male) |
| 9:32 | Build | House |
| 9:35 | Build | Palisade Wall |
| 10:16 | Create | Villager (Male) |
| 10:30 | Research | Loom |
| 11:05 | Build | Barracks |
| 11:23 | Research | Feudal Age |
| 11:27 | Build | Palisade Wall |
| 11:39 | Build | Palisade Wall |
| 11:40 | Build | Palisade Wall |
| 12:47 | Build | Palisade Wall |
| 13:40 | Create | Villager (Male) |
| 13:43 | Age | Feudal Age |
| 13:46 | Build | Stable |
| 13:48 | Create | Spearman |
| 13:49 | Create | Villager (Male) |
| 13:54 | Build | Market |
| 13:58 | Build | Palisade Wall |
| 14:18 | Create | Villager (Male) |
| 14:20 | Build | Mining Camp |
| 15:03 | Research | Castle Age |
| 15:06 | Create | Scout Cavalry |
| 15:17 | Build | House |
| 15:34 | Build | Palisade Wall |
| 15:36 | Build | Palisade Wall |
| 15:40 | Build | Palisade Wall |
| 15:41 | Build | Palisade Wall |
| 15:43 | Build | Palisade Wall |
| 15:47 | Create | Scout Cavalry |
| 15:49 | Research | Double-Bit Axe |
| 16:20 | Create | Scout Cavalry |
| 16:49 | Create | Scout Cavalry |
| 17:43 | Age | Castle Age |
| 17:44 | Create | Villager (Male) |
| 17:45 | Build | Town Center |
| 17:47 | Research | Light Cavalry (upgrade) |
| 18:03 | Build | Palisade Wall |
| 18:05 | Build | Palisade Wall |
| 18:11 | Create | Villager (Male) |
| 18:36 | Create | Villager (Male) |
| 18:49 | Create | Villager (Male) |
| 18:51 | Build | Town Center |
| 19:05 | Create | Scout Cavalry |
| 19:06 | Create | Villager (Male) |
| 19:07 | Create | Villager (Male) |
| 19:11 | Build | Farm |
| 19:12 | Build | Farm |
| 19:21 | Create | Villager (Male) |
| 19:28 | Build | Farm |
| 19:31 | Build | Farm |
| 19:33 | Create | Villager (Male) |
| 19:45 | Create | Villager (Male) |
| 19:54 | Create | Villager (Male) |
| 20:12 | Create | Villager (Male) |
| 20:18 | Build | Farm |
| 20:19 | Build | Farm |
| 20:22 | Create | Villager (Male) |
| 20:31 | Create | Villager (Male) |
| 20:32 | Create | Villager (Male) |
| 20:46 | Create | Villager (Male) |
| 20:59 | Create | Villager (Male) |
| 21:01 | Create | Villager (Male) |
| 21:02 | Create | Villager (Male) |
| 21:04 | Build | Blacksmith |
| 21:12 | Create | Villager (Male) |
| 21:18 | Research | Town Watch |
| 21:29 | Create | Villager (Male) |
| 21:30 | Create | Villager (Male) |
| 21:30 | Create | Villager (Male) |
| 21:36 | Create | Villager (Male) |
| 21:39 | Build | Siege Workshop |
| 21:50 | Create | Villager (Male) |
| 21:50 | Create | Villager (Male) |
| 21:51 | Create | Villager (Male) |
| 21:59 | Create | Villager (Male) |
| 22:11 | Create | Villager (Male) |
| 22:11 | Create | Villager (Male) |
| 22:22 | Create | Villager (Male) |
| 22:22 | Create | Villager (Male) |
| 22:27 | Create | Mangonel |
| 22:31 | Build | Mining Camp |
| 22:38 | Create | Villager (Male) |
| 22:38 | Create | Villager (Male) |
| 22:47 | Create | Villager (Male) |
| 22:47 | Create | Villager (Male) |
| 22:50 | Create | Villager (Male) |
| 22:50 | Create | Villager (Male) |
| 22:53 | Build | Palisade Gate |
| 22:58 | Build | House |
| 22:59 | Build | House |
| 22:59 | Build | House |
| 23:08 | Build | House |
| 23:19 | Create | Mangonel |
| 23:19 | Create | Mangonel |
| 23:29 | Build | Mill |
| 23:29 | Create | Villager (Male) |
| 23:38 | Create | Villager (Male) |
| 23:39 | Create | Villager (Male) |
| 23:39 | Create | Villager (Male) |
| 23:41 | Build | House |
| 23:41 | Build | House |
| 23:53 | Create | Scorpion |
| 23:59 | Create | Villager (Male) |
| 23:59 | Create | Villager (Male) |
| 24:10 | Build | Outpost |
| 24:16 | Create | Scorpion |
| 24:17 | Create | Villager (Male) |
| 24:17 | Create | Villager (Male) |
| 24:18 | Create | Villager (Male) |
| 24:18 | Create | Villager (Male) |
| 24:22 | Create | Villager (Male) |
| 24:23 | Create | Villager (Male) |
| 24:31 | Build | Mining Camp |
| 24:33 | Build | House |
| 24:34 | Build | House |
| 24:43 | Build | Farm |
| 24:44 | Build | Farm |
| 24:45 | Create | Villager (Male) |
Build order — [R1] Pume
First 150 of 213 actions detected
| 0:07 | Build | Town Center |
| 2:28 | Build | House |
| 2:29 | Create | Villager (Male) |
| 2:29 | Create | Villager (Male) |
| 2:29 | Create | Villager (Male) |
| 2:30 | Create | Villager (Male) |
| 3:19 | Create | Villager (Male) |
| 4:02 | Create | Villager (Male) |
| 4:10 | Build | Lumber Camp |
| 4:22 | Build | Palisade Wall |
| 4:28 | Build | Palisade Wall |
| 4:32 | Create | Villager (Male) |
| 5:09 | Build | House |
| 5:27 | Create | Villager (Male) |
| 5:27 | Create | Villager (Male) |
| 5:55 | Create | Villager (Male) |
| 5:55 | Create | Villager (Male) |
| 6:05 | Build | House |
| 6:20 | Create | Villager (Male) |
| 6:41 | Create | Villager (Male) |
| 6:41 | Create | Villager (Male) |
| 6:45 | Create | Villager (Male) |
| 7:16 | Build | Dock |
| 7:20 | Build | Palisade Gate |
| 7:27 | Build | Palisade Wall |
| 7:30 | Build | Palisade Wall |
| 7:37 | Create | Villager (Male) |
| 7:39 | Build | Palisade Wall |
| 7:43 | Create | Villager (Male) |
| 7:46 | Build | Palisade Wall |
| 7:54 | Build | Palisade Wall |
| 7:56 | Build | Palisade Wall |
| 7:59 | Build | Palisade Wall |
| 8:02 | Create | Villager (Male) |
| 8:03 | Create | Fishing Ship |
| 8:04 | Create | Fishing Ship |
| 8:13 | Build | House |
| 8:14 | Create | Villager (Male) |
| 8:15 | Create | Villager (Male) |
| 8:17 | Build | Palisade Wall |
| 8:34 | Build | House |
| 8:49 | Create | Villager (Male) |
| 9:17 | Create | Fishing Ship |
| 9:24 | Create | Villager (Male) |
| 9:52 | Create | Villager (Male) |
| 9:57 | Create | Fishing Ship |
| 10:00 | Build | Palisade Wall |
| 10:05 | Create | Villager (Male) |
| 10:08 | Build | Palisade Wall |
| 10:17 | Create | Villager (Male) |
| 10:41 | Build | Mill |
| 10:46 | Create | Villager (Male) |
| 10:48 | Create | Fishing Ship |
| 11:08 | Build | Mining Camp |
| 11:15 | Build | House |
| 11:50 | Research | Feudal Age |
| 11:59 | Build | Palisade Wall |
| 12:02 | Build | Palisade Wall |
| 12:06 | Build | Palisade Wall |
| 12:10 | Build | Palisade Wall |
| 12:15 | Build | Palisade Wall |
| 12:29 | Create | Villager (Male) |
| 12:49 | Build | Barracks |
| 13:06 | Create | Fishing Ship |
| 13:42 | Build | House |
| 14:06 | Age | Feudal Age |
| 14:09 | Build | Archery Range |
| 14:23 | Build | Blacksmith |
| 14:31 | Create | Villager (Male) |
| 14:32 | Research | Double-Bit Axe |
| 14:55 | Create | Villager (Male) |
| 14:56 | Research | Loom |
| 15:01 | Research | Loom |
| 15:06 | Research | Tech 906 |
| 15:19 | Research | Castle Age |
| 15:25 | Build | Palisade Wall |
| 15:29 | Build | House |
| 15:33 | Build | Palisade Wall |
| 15:35 | Create | Villager (Male) |
| 15:38 | Build | Palisade Wall |
| 15:47 | Create | Archer |
| 16:00 | Build | Fish Trap |
| 16:03 | Build | Fish Trap |
| 16:10 | Build | Fish Trap |
| 16:22 | Build | Palisade Wall |
| 16:27 | Build | Palisade Gate |
| 16:48 | Create | Archer |
| 16:54 | Create | Archer |
| 17:06 | Build | Fish Trap |
| 17:10 | Research | Fletching |
| 17:22 | Research | Gold Mining |
| 17:35 | Build | Fish Trap |
| 17:52 | Build | Fish Trap |
| 18:04 | Create | Archer |
| 18:05 | Create | Spearman |
| 18:06 | Age | Castle Age |
| 18:09 | Research | Bow Saw |
| 18:12 | Research | Crossbowman (upgrade) |
| 18:12 | Research | Crossbowman (upgrade) |
| 18:13 | Research | Bodkin Arrow |
| 18:14 | Research | Bodkin Arrow |
| 18:22 | Create | Archer |
| 18:38 | Create | Villager (Male) |
| 18:47 | Create | Villager (Male) |
| 18:53 | Create | Archer |
| 19:01 | Create | Villager (Male) |
| 19:04 | Create | Fishing Ship |
| 19:04 | Create | Fishing Ship |
| 19:09 | Build | Archery Range |
| 19:11 | Create | Archer |
| 19:17 | Create | Villager (Male) |
| 19:29 | Create | Archer |
| 19:30 | Create | Villager (Male) |
| 19:33 | Build | House |
| 19:33 | Create | Villager (Male) |
| 19:37 | Build | House |
| 19:38 | Build | House |
| 19:45 | Create | Archer |
| 19:48 | Build | Fish Trap |
| 20:03 | Create | Archer |
| 20:04 | Create | Archer |
| 20:14 | Build | House |
| 20:14 | Build | House |
| 20:26 | Build | Town Center |
| 20:41 | Create | Villager (Male) |
| 20:54 | Create | Villager (Male) |
| 21:04 | Create | Villager (Male) |
| 21:13 | Create | Villager (Male) |
| 21:14 | Create | Villager (Male) |
| 21:14 | Create | Villager (Male) |
| 21:16 | Create | Archer |
| 21:17 | Create | Archer |
| 21:18 | Create | Villager (Male) |
| 21:31 | Create | Villager (Male) |
| 21:43 | Create | Archer |
| 21:43 | Create | Archer |
| 21:48 | Build | Town Center |
| 21:58 | Create | Archer |
| 21:58 | Create | Archer |
| 22:08 | Create | Villager (Male) |
| 22:11 | Create | Villager (Male) |
| 22:14 | Create | Archer |
| 22:15 | Create | Archer |
| 22:19 | Build | Mining Camp |
| 22:21 | Build | Palisade Wall |
| 22:23 | Build | Palisade Gate |
| 22:25 | Build | Palisade Wall |
| 22:26 | Build | Palisade Wall |
| 22:26 | Create | Villager (Male) |
| 22:28 | Build | Palisade Wall |
Build order — Imfury_
First 150 of 203 actions detected
| 0:24 | Build | Lumber Camp |
| 0:37 | Build | Town Center |
| 0:52 | Build | House |
| 2:34 | Build | Palisade Wall |
| 2:37 | Build | Palisade Wall |
| 2:40 | Build | Palisade Wall |
| 2:41 | Build | Palisade Wall |
| 2:49 | Create | Villager (Male) |
| 2:50 | Create | Villager (Male) |
| 3:09 | Create | Villager (Male) |
| 3:20 | Create | Villager (Male) |
| 3:27 | Create | Villager (Male) |
| 4:44 | Build | House |
| 4:48 | Create | Villager (Male) |
| 4:48 | Create | Villager (Male) |
| 4:48 | Create | Villager (Male) |
| 4:51 | Build | Lumber Camp |
| 5:30 | Create | Villager (Male) |
| 5:32 | Create | Villager (Male) |
| 5:32 | Create | Villager (Male) |
| 6:22 | Create | Villager (Male) |
| 6:22 | Create | Villager (Male) |
| 6:37 | Build | House |
| 6:53 | Create | Villager (Male) |
| 6:53 | Create | Villager (Male) |
| 7:01 | Build | Mill |
| 7:37 | Create | Villager (Male) |
| 7:37 | Create | Villager (Male) |
| 7:37 | Create | Villager (Male) |
| 7:38 | Create | Villager (Male) |
| 7:38 | Create | Villager (Male) |
| 7:41 | Create | Villager (Male) |
| 7:41 | Create | Villager (Male) |
| 8:35 | Build | House |
| 8:36 | Build | Palisade Wall |
| 8:46 | Create | Villager (Male) |
| 8:51 | Create | Villager (Male) |
| 9:07 | Research | Loom |
| 9:07 | Create | Villager (Male) |
| 9:15 | Create | Villager (Male) |
| 9:33 | Build | House |
| 9:43 | Create | Villager (Male) |
| 10:03 | Build | Barracks |
| 10:04 | Create | Villager (Male) |
| 10:37 | Build | Palisade Wall |
| 10:44 | Create | Villager (Male) |
| 11:03 | Build | Mining Camp |
| 11:10 | Research | Feudal Age |
| 11:10 | Research | Feudal Age |
| 13:13 | Create | Villager (Male) |
| 13:15 | Age | Feudal Age |
| 13:16 | Build | Market |
| 13:19 | Build | Stable |
| 13:34 | Research | Double-Bit Axe |
| 13:34 | Research | Double-Bit Axe |
| 13:35 | Create | Villager (Male) |
| 13:55 | Create | Villager (Male) |
| 14:02 | Build | House |
| 14:03 | Build | Palisade Wall |
| 14:14 | Build | Palisade Wall |
| 14:14 | Build | Palisade Wall |
| 14:36 | Research | Castle Age |
| 15:06 | Create | Scout Cavalry |
| 15:06 | Create | Scout Cavalry |
| 15:26 | Create | Scout Cavalry |
| 15:26 | Create | Scout Cavalry |
| 16:01 | Create | Scout Cavalry |
| 16:01 | Create | Scout Cavalry |
| 16:28 | Create | Scout Cavalry |
| 17:02 | Age | Castle Age |
| 17:04 | Build | Town Center |
| 17:06 | Research | Light Cavalry (upgrade) |
| 17:14 | Create | Villager (Male) |
| 17:21 | Create | Villager (Male) |
| 17:31 | Build | Town Center |
| 17:32 | Create | Villager (Male) |
| 18:07 | Create | Villager (Male) |
| 18:11 | Create | Villager (Male) |
| 18:14 | Build | Blacksmith |
| 18:27 | Create | Villager (Male) |
| 18:42 | Create | Villager (Male) |
| 18:44 | Create | Villager (Male) |
| 18:45 | Create | Villager (Male) |
| 19:11 | Create | Villager (Male) |
| 19:22 | Create | Villager (Male) |
| 19:24 | Create | Villager (Male) |
| 19:24 | Create | Villager (Male) |
| 19:24 | Create | Villager (Male) |
| 19:30 | Build | Siege Workshop |
| 19:33 | Build | Palisade Wall |
| 19:34 | Create | Villager (Male) |
| 19:49 | Create | Villager (Male) |
| 19:55 | Research | Bow Saw |
| 19:55 | Research | Bow Saw |
| 19:58 | Research | Horse Collar |
| 20:03 | Create | Villager (Male) |
| 20:16 | Create | Villager (Male) |
| 20:17 | Create | Villager (Male) |
| 20:33 | Build | Farm |
| 20:34 | Build | Farm |
| 20:35 | Build | Farm |
| 20:37 | Create | Villager (Male) |
| 20:41 | Create | Villager (Male) |
| 20:44 | Build | Outpost |
| 20:47 | Create | Scorpion |
| 20:49 | Create | Villager (Male) |
| 20:49 | Create | Villager (Male) |
| 21:04 | Create | Villager (Male) |
| 21:11 | Create | Villager (Male) |
| 21:11 | Create | Villager (Male) |
| 21:13 | Build | Farm |
| 21:13 | Build | Farm |
| 21:14 | Build | Farm |
| 21:14 | Build | Farm |
| 21:32 | Create | Villager (Male) |
| 21:35 | Build | Lumber Camp |
| 21:42 | Create | Villager (Male) |
| 21:49 | Create | Villager (Male) |
| 21:58 | Create | Scorpion |
| 22:00 | Build | House |
| 22:01 | Build | House |
| 22:02 | Build | House |
| 22:05 | Create | Villager (Male) |
| 22:09 | Create | Villager (Male) |
| 22:20 | Create | Villager (Male) |
| 22:20 | Create | Villager (Male) |
| 22:22 | Create | Villager (Male) |
| 22:24 | Build | Monastery |
| 22:30 | Build | House |
| 22:49 | Create | Villager (Male) |
| 22:52 | Create | Villager (Male) |
| 22:56 | Build | Farm |
| 22:57 | Create | Scorpion |
| 23:02 | Create | Villager (Male) |
| 23:04 | Build | Farm |
| 23:05 | Build | Farm |
| 23:06 | Build | Farm |
| 23:19 | Create | Villager (Male) |
| 23:25 | Create | Villager (Male) |
| 23:31 | Create | Villager (Male) |
| 23:35 | Build | Farm |
| 23:36 | Build | Farm |
| 23:38 | Create | Villager (Male) |
| 23:51 | Create | Villager (Male) |
| 23:58 | Build | House |
| 23:59 | Build | House |
| 24:04 | Create | Villager (Male) |
| 24:04 | Create | Villager (Male) |
| 24:04 | Create | Villager (Male) |
| 24:04 | Create | Villager (Male) |
Build order — JN-
146 actions detected in the replay
| 0:07 | Build | Town Center |
| 1:33 | Build | House |
| 2:22 | Create | Villager (Male) |
| 2:23 | Create | Villager (Male) |
| 2:23 | Create | Villager (Male) |
| 2:23 | Create | Villager (Male) |
| 3:42 | Create | Villager (Male) |
| 4:08 | Create | Villager (Male) |
| 4:09 | Create | Villager (Male) |
| 4:19 | Build | House |
| 4:32 | Build | House |
| 4:37 | Create | Villager (Male) |
| 5:05 | Build | Mule Cart |
| 5:10 | Create | Villager (Male) |
| 5:10 | Create | Villager (Male) |
| 5:24 | Build | House |
| 5:32 | Create | Villager (Male) |
| 5:32 | Create | Villager (Male) |
| 5:51 | Create | Villager (Male) |
| 6:02 | Create | Villager (Male) |
| 7:20 | Create | Villager (Male) |
| 7:21 | Create | Villager (Male) |
| 7:21 | Create | Villager (Male) |
| 7:27 | Build | Barracks |
| 7:29 | Build | Palisade Wall |
| 7:29 | Build | Palisade Wall |
| 7:30 | Build | Palisade Wall |
| 7:31 | Build | Palisade Wall |
| 7:32 | Build | Palisade Wall |
| 7:33 | Build | Palisade Wall |
| 7:44 | Create | Villager (Male) |
| 8:08 | Create | Villager (Male) |
| 8:13 | Create | Villager (Male) |
| 8:25 | Build | House |
| 8:35 | Create | Villager (Male) |
| 8:38 | Create | Villager (Male) |
| 8:38 | Create | Villager (Male) |
| 9:13 | Build | House |
| 9:21 | Build | Mill |
| 9:31 | Build | Palisade Wall |
| 9:40 | Create | Villager (Male) |
| 9:59 | Build | Palisade Wall |
| 10:00 | Build | Palisade Wall |
| 10:21 | Build | Mule Cart |
| 10:46 | Research | Loom |
| 11:17 | Research | Feudal Age |
| 11:22 | Research | Loom |
| 11:25 | Create | Spearman |
| 11:49 | Create | Villager (Male) |
| 11:54 | Create | Spearman |
| 12:19 | Create | Spearman |
| 12:38 | Build | House |
| 13:43 | Age | Feudal Age |
| 13:46 | Build | Market |
| 13:50 | Build | Blacksmith |
| 14:02 | Build | House |
| 14:04 | Create | Villager (Male) |
| 14:42 | Build | House |
| 14:45 | Research | Castle Age |
| 14:46 | Research | Castle Age |
| 14:57 | Research | Double-Bit Axe |
| 14:57 | Research | Double-Bit Axe |
| 15:03 | Create | Villager (Male) |
| 15:28 | Research | Gold Mining |
| 15:28 | Research | Gold Mining |
| 15:59 | Research | Horse Collar |
| 15:59 | Research | Horse Collar |
| 16:07 | Create | Spearman |
| 16:25 | Create | Spearman |
| 17:14 | Create | Villager (Male) |
| 17:38 | Age | Castle Age |
| 17:42 | Build | Monastery |
| 17:45 | Research | Bow Saw |
| 17:45 | Research | Bow Saw |
| 17:46 | Create | Villager (Male) |
| 17:54 | Create | Villager (Male) |
| 18:00 | Build | Monastery |
| 18:09 | Create | Villager (Male) |
| 18:28 | Build | Mule Cart |
| 18:30 | Create | Warrior Priest |
| 18:40 | Create | Villager (Male) |
| 18:47 | Build | Town Center |
| 19:17 | Create | Villager (Male) |
| 19:26 | Create | Villager (Male) |
| 19:35 | Build | Farm |
| 19:36 | Build | Farm |
| 19:37 | Build | Farm |
| 19:40 | Create | Villager (Male) |
| 20:02 | Create | Villager (Male) |
| 20:14 | Build | Monastery |
| 20:26 | Create | Warrior Priest |
| 20:38 | Create | Villager (Male) |
| 20:38 | Create | Villager (Male) |
| 20:39 | Create | Villager (Male) |
| 20:55 | Create | Villager (Male) |
| 21:08 | Research | Sanctity |
| 21:08 | Research | Sanctity |
| 21:08 | Research | Fervor |
| 21:09 | Research | Fervor |
| 21:20 | Create | Monk |
| 21:23 | Create | Monk |
| 21:36 | Build | Mule Cart |
| 21:37 | Create | Villager (Male) |
| 22:10 | Create | Villager (Male) |
| 22:18 | Create | Monk |
| 22:24 | Create | Villager (Male) |
| 22:26 | Create | Villager (Male) |
| 22:35 | Build | Town Center |
| 22:37 | Create | Villager (Male) |
| 22:45 | Create | Villager (Male) |
| 23:03 | Create | Villager (Male) |
| 23:03 | Create | Villager (Male) |
| 23:16 | Create | Villager (Male) |
| 23:16 | Create | Villager (Male) |
| 23:29 | Research | Fervor |
| 23:29 | Research | Fervor |
| 23:33 | Create | Villager (Male) |
| 23:38 | Create | Villager (Male) |
| 23:39 | Create | Villager (Male) |
| 23:57 | Build | Town Center |
| 24:03 | Create | Villager (Male) |
| 24:14 | Create | Villager (Male) |
| 24:36 | Create | Villager (Male) |
| 24:55 | Create | Villager (Male) |
| 24:55 | Create | Villager (Male) |
| 24:56 | Create | Villager (Male) |
| 25:16 | Create | Villager (Male) |
| 25:20 | Create | Villager (Male) |
| 25:21 | Create | Villager (Male) |
| 25:22 | Build | House |
| 25:23 | Build | House |
| 25:26 | Create | Villager (Male) |
| 25:34 | Build | Town Center |
| 25:41 | Create | Villager (Male) |
| 25:42 | Create | Villager (Male) |
| 25:51 | Build | Palisade Wall |
| 25:52 | Build | Palisade Wall |
| 25:59 | Build | Farm |
| 26:00 | Build | Farm |
| 26:02 | Create | Villager (Male) |
| 26:16 | Create | Villager (Male) |
| 26:17 | Create | Villager (Male) |
| 26:17 | Create | Villager (Male) |
| 26:22 | Create | Villager (Male) |
| 26:22 | Create | Villager (Male) |
| 26:30 | Create | Villager (Male) |
Build order — [R1] 12Tirador
First 150 of 196 actions detected
| 0:06 | Build | Town Center |
| 1:29 | Build | House |
| 2:39 | Create | Villager (Male) |
| 2:39 | Create | Villager (Male) |
| 2:39 | Create | Villager (Male) |
| 2:40 | Create | Villager (Male) |
| 2:55 | Build | House |
| 3:08 | Build | House |
| 4:02 | Build | House |
| 4:22 | Create | Villager (Male) |
| 4:24 | Create | Villager (Male) |
| 4:33 | Create | Villager (Male) |
| 4:40 | Build | House |
| 5:12 | Build | House |
| 5:22 | Build | Lumber Camp |
| 5:28 | Build | Palisade Wall |
| 5:37 | Create | Villager (Male) |
| 5:58 | Create | Villager (Male) |
| 6:02 | Create | Villager (Male) |
| 6:07 | Create | Villager (Male) |
| 6:49 | Build | House |
| 6:56 | Create | Villager (Male) |
| 6:59 | Build | House |
| 7:25 | Build | Palisade Wall |
| 7:32 | Build | Palisade Wall |
| 7:36 | Build | Palisade Wall |
| 7:40 | Build | House |
| 7:47 | Create | Villager (Male) |
| 7:53 | Create | Villager (Male) |
| 8:17 | Build | Mill |
| 8:32 | Create | Villager (Male) |
| 9:03 | Create | Villager (Male) |
| 9:28 | Research | Feudal Age |
| 9:45 | Build | Donjon |
| 9:49 | Build | Palisade Wall |
| 10:00 | Build | Palisade Wall |
| 10:14 | Build | House |
| 10:44 | Build | Palisade Wall |
| 10:45 | Build | Palisade Wall |
| 11:02 | Research | Loom |
| 11:02 | Create | Villager (Male) |
| 11:28 | Build | House |
| 11:38 | Age | Feudal Age |
| 11:40 | Build | Stable |
| 11:41 | Research | Double-Bit Axe |
| 11:50 | Build | Palisade Wall |
| 11:51 | Build | Palisade Wall |
| 11:58 | Build | Palisade Wall |
| 12:03 | Create | Villager (Male) |
| 12:20 | Build | Mill |
| 12:20 | Create | Villager (Male) |
| 12:21 | Create | Scout Cavalry |
| 12:21 | Create | Scout Cavalry |
| 12:35 | Create | Scout Cavalry |
| 12:36 | Create | Villager (Male) |
| 12:51 | Create | Villager (Male) |
| 12:55 | Create | Scout Cavalry |
| 13:04 | Create | Scout Cavalry |
| 13:06 | Create | Villager (Male) |
| 13:09 | Build | Blacksmith |
| 13:12 | Build | Palisade Wall |
| 13:13 | Create | Scout Cavalry |
| 13:15 | Create | Villager (Male) |
| 13:18 | Build | Palisade Wall |
| 13:19 | Create | Scout Cavalry |
| 13:27 | Build | Palisade Wall |
| 13:35 | Build | Palisade Wall |
| 13:39 | Build | Palisade Wall |
| 13:51 | Build | House |
| 13:52 | Create | Villager (Male) |
| 13:54 | Create | Scout Cavalry |
| 14:00 | Create | Villager (Male) |
| 14:09 | Build | Mill |
| 14:19 | Build | House |
| 14:30 | Create | Villager (Male) |
| 14:36 | Create | Scout Cavalry |
| 14:50 | Create | Villager (Male) |
| 14:51 | Create | Villager (Male) |
| 14:54 | Create | Villager (Male) |
| 15:09 | Create | Villager (Male) |
| 15:14 | Create | Villager (Male) |
| 15:17 | Build | Mining Camp |
| 16:01 | Create | Villager (Male) |
| 16:24 | Build | House |
| 16:41 | Create | Villager (Male) |
| 16:48 | Build | Market |
| 17:01 | Build | Donjon |
| 17:04 | Create | Villager (Male) |
| 17:09 | Build | Palisade Wall |
| 17:11 | Build | Palisade Wall |
| 17:12 | Build | Palisade Wall |
| 17:14 | Build | Palisade Wall |
| 17:22 | Create | Villager (Male) |
| 17:26 | Create | Villager (Male) |
| 17:43 | Create | Villager (Male) |
| 17:46 | Create | Villager (Male) |
| 17:57 | Create | Villager (Male) |
| 18:05 | Research | Castle Age |
| 18:05 | Research | Castle Age |
| 18:11 | Create | Villager (Male) |
| 18:23 | Build | House |
| 18:58 | Create | Villager (Male) |
| 19:10 | Create | Spearman |
| 20:22 | Create | Villager (Male) |
| 20:26 | Create | Villager (Male) |
| 20:36 | Create | Villager (Male) |
| 21:01 | Age | Castle Age |
| 21:04 | Build | Town Center |
| 21:05 | Research | Bow Saw |
| 21:12 | Create | Villager (Male) |
| 21:30 | Create | Villager (Male) |
| 21:30 | Create | Villager (Male) |
| 21:34 | Create | Villager (Male) |
| 21:40 | Create | Villager (Male) |
| 21:40 | Create | Villager (Male) |
| 21:40 | Create | Villager (Male) |
| 21:41 | Create | Villager (Male) |
| 21:41 | Create | Villager (Male) |
| 21:42 | Create | Villager (Male) |
| 21:43 | Build | Town Center |
| 21:47 | Create | Villager (Male) |
| 22:13 | Create | Villager (Male) |
| 22:24 | Build | Farm |
| 22:25 | Build | Farm |
| 22:25 | Build | Farm |
| 22:25 | Build | Farm |
| 22:25 | Build | Farm |
| 22:26 | Build | Farm |
| 22:37 | Research | Horse Collar |
| 22:37 | Research | Horse Collar |
| 22:38 | Create | Villager (Male) |
| 22:38 | Create | Villager (Male) |
| 22:43 | Create | Villager (Male) |
| 22:58 | Create | Villager (Male) |
| 23:03 | Create | Villager (Male) |
| 23:05 | Create | Villager (Male) |
| 23:07 | Build | Farm |
| 23:09 | Build | Farm |
| 23:14 | Build | Farm |
| 23:14 | Build | Farm |
| 23:15 | Build | Farm |
| 23:17 | Build | Farm |
| 23:37 | Build | Farm |
| 23:37 | Build | Farm |
| 23:38 | Build | Farm |
| 23:38 | Build | Farm |
| 23:38 | Build | Farm |
| 23:55 | Create | Villager (Male) |
| 24:07 | Create | Villager (Male) |
| 24:25 | Create | Villager (Male) |
Match timeline
| 2:34 | Imfury_ · wall_segment Palisade Wall x1 |
| 2:37 | Imfury_ · wall_segment Palisade Wall x1 |
| 2:40 | Imfury_ · wall_segment Palisade Wall x1 |
| 2:41 | Imfury_ · wall_segment Palisade Wall x1 |
| 4:22 | [R1] Pume · wall_segment Palisade Wall x1 |
| 4:28 | [R1] Pume · wall_segment Palisade Wall x1 |
| 5:28 | [R1] 12Tirador · wall_segment Palisade Wall x1 |
| 7:16 | [R1] Pume · first_building Dock |
| 7:25 | [R1] 12Tirador · wall_segment Palisade Wall x1 |
| 7:27 | [R1] Pume · wall_segment Palisade Wall x1 |
| 7:27 | JN- · first_building Barracks |
| 7:29 | JN- · wall_segment Palisade Wall x1 |
| 7:29 | JN- · wall_segment Palisade Wall x1 |
| 7:30 | JN- · wall_segment Palisade Wall x1 |
| 7:30 | [R1] Pume · wall_segment Palisade Wall x1 |
| 7:31 | JN- · wall_segment Palisade Wall x1 |
| 7:32 | JN- · wall_segment Palisade Wall x1 |
| 7:32 | [R1] 12Tirador · wall_segment Palisade Wall x1 |
| 7:33 | JN- · wall_segment Palisade Wall x1 |
| 7:36 | [R1] 12Tirador · wall_segment Palisade Wall x1 |
| 7:39 | [R1] Pume · wall_segment Palisade Wall x1 |
| 7:39 | [R1] PoXoLo · first_building Dock |
| 7:46 | [R1] Pume · wall_segment Palisade Wall x1 |
| 7:54 | [R1] Pume · wall_segment Palisade Wall x1 |
| 7:56 | [R1] Pume · wall_segment Palisade Wall x1 |
| 7:59 | [R1] Pume · wall_segment Palisade Wall x1 |
| 8:01 | [R1] PoXoLo · wall_segment Palisade Wall x3 |
| 8:17 | [R1] Pume · wall_segment Palisade Wall x1 |
| 8:36 | Imfury_ · wall_segment Palisade Wall x5 |
| 8:51 | bilibili knightk · wall_segment Palisade Wall x5 |
| 9:05 | bilibili knightk · wall_segment Palisade Wall x1 |
| 9:08 | bilibili knightk · wall_segment Palisade Wall x1 |
| 9:11 | bilibili knightk · wall_segment Palisade Wall x1 |
| 9:31 | bilibili knightk · wall_segment Palisade Wall x1 |
| 9:31 | JN- · wall_segment Palisade Wall x1 |
| 9:32 | bilibili knightk · wall_segment Palisade Wall x1 |
| 9:33 | bilibili knightk · wall_segment Palisade Wall x1 |
| 9:33 | bilibili knightk · wall_segment Palisade Wall x1 |
| 9:35 | HGB · wall_segment Palisade Wall x9 |
| 9:45 | [R1] 12Tirador · first_building Donjon |
| 9:46 | [R1] PoXoLo · wall_segment Palisade Wall x1 |
| 9:47 | bilibili knightk · first_building Dock |
| 9:49 | [R1] 12Tirador · wall_segment Palisade Wall x4 |
| 9:59 | JN- · wall_segment Palisade Wall x1 |
| 10:00 | JN- · wall_segment Palisade Wall x1 |
| 10:00 | [R1] 12Tirador · wall_segment Palisade Wall x1 |
| 10:00 | [R1] Pume · wall_segment Palisade Wall x1 |
| 10:03 | Imfury_ · first_building Barracks |
| 10:08 | [R1] Pume · wall_segment Palisade Wall x1 |
| 10:25 | bilibili knightk · wall_segment Palisade Wall x1 |
| 10:37 | Imfury_ · wall_segment Palisade Wall x14 |
| 10:41 | Oni.TaToH · first_building Barracks |
| 10:44 | [R1] 12Tirador · wall_segment Palisade Wall x1 |
| 10:45 | [R1] 12Tirador · wall_segment Palisade Wall x1 |
| 10:56 | bilibili knightk · wall_segment Palisade Wall x1 |
| 10:57 | bilibili knightk · wall_segment Palisade Wall x1 |
| 11:03 | bilibili knightk · wall_segment Palisade Wall x1 |
| 11:04 | bilibili knightk · wall_segment Palisade Wall x1 |
| 11:04 | bilibili knightk · wall_segment Palisade Wall x1 |
| 11:05 | HGB · first_building Barracks |
| 11:07 | bilibili knightk · wall_segment Palisade Wall x1 |
| 11:07 | bilibili knightk · wall_segment Palisade Wall x1 |
| 11:09 | bilibili knightk · wall_segment Palisade Wall x1 |
| 11:14 | bilibili knightk · wall_segment Palisade Wall x1 |
| 11:15 | bilibili knightk · wall_segment Palisade Wall x1 |
| 11:17 | bilibili knightk · wall_segment Palisade Wall x1 |
| 11:17 | bilibili knightk · wall_segment Palisade Wall x1 |
| 11:27 | HGB · wall_segment Palisade Wall x4 |
| 11:38 | [R1] 12Tirador · age_up feudal |
| 11:39 | HGB · wall_segment Palisade Wall x4 |
| 11:40 | [R1] 12Tirador · first_building Stable |
| 11:40 | HGB · wall_segment Palisade Wall x11 |
| 11:50 | [R1] 12Tirador · wall_segment Palisade Wall x1 |
| 11:51 | [R1] 12Tirador · wall_segment Palisade Wall x1 |
| 11:51 | bilibili knightk · wall_segment Palisade Wall x1 |
| 11:52 | bilibili knightk · wall_segment Palisade Wall x1 |
| 11:53 | bilibili knightk · wall_segment Palisade Wall x1 |
| 11:58 | [R1] 12Tirador · wall_segment Palisade Wall x6 |
| 11:59 | [R1] Pume · wall_segment Palisade Wall x1 |
| 12:02 | [R1] Pume · wall_segment Palisade Wall x1 |
| 12:06 | [R1] Pume · wall_segment Palisade Wall x1 |
| 12:10 | [R1] Pume · wall_segment Palisade Wall x1 |
| 12:13 | bilibili knightk · wall_segment Palisade Wall x5 |
| 12:15 | [R1] Pume · wall_segment Palisade Wall x1 |
| 12:19 | bilibili knightk · wall_segment Palisade Wall x1 |
| 12:47 | HGB · wall_segment Palisade Wall x7 |
| 12:49 | [R1] Pume · first_building Barracks |
| 13:12 | [R1] 12Tirador · wall_segment Palisade Wall x1 |
| 13:15 | Imfury_ · age_up feudal |
| 13:18 | [R1] 12Tirador · wall_segment Palisade Wall x1 |
| 13:19 | Imfury_ · first_building Stable |
| 13:27 | [R1] 12Tirador · wall_segment Palisade Wall x1 |
| 13:30 | Oni.TaToH · age_up feudal |
| 13:33 | Oni.TaToH · first_building Archery Range |
| 13:35 | [R1] 12Tirador · wall_segment Palisade Wall x2 |
| 13:39 | [R1] 12Tirador · wall_segment Palisade Wall x13 |
| 13:43 | JN- · age_up feudal |
| 13:43 | HGB · age_up feudal |
| 13:44 | [R1] PoXoLo · age_up feudal |
| 13:46 | HGB · first_building Stable |
| 13:58 | HGB · wall_segment Palisade Wall x1 |
| 14:03 | Imfury_ · wall_segment Palisade Wall x1 |
| 14:06 | [R1] Pume · age_up feudal |
| 14:09 | [R1] Pume · first_building Archery Range |
| 14:14 | Imfury_ · wall_segment Palisade Wall x1 |
| 14:14 | Imfury_ · wall_segment Palisade Wall x1 |
| 14:44 | [R1] PoXoLo · first_market_sell 100 stone |
| 14:56 | bilibili knightk · wall_segment Palisade Wall x1 |
| 14:57 | bilibili knightk · wall_segment Palisade Wall x1 |
| 15:00 | bilibili knightk · wall_segment Palisade Wall x1 |
| 15:02 | HGB · first_market_sell 100 stone |
| 15:25 | [R1] Pume · wall_segment Palisade Wall x1 |
| 15:31 | bilibili knightk · wall_segment Palisade Wall x1 |
| 15:33 | [R1] Pume · wall_segment Palisade Wall x4 |
| 15:34 | HGB · wall_segment Palisade Wall x1 |
| 15:36 | bilibili knightk · age_up feudal |
| 15:36 | HGB · wall_segment Palisade Wall x1 |
| 15:37 | bilibili knightk · wall_segment Palisade Wall x1 |
| 15:38 | bilibili knightk · wall_segment Palisade Wall x1 |
| 15:38 | [R1] Pume · wall_segment Palisade Wall x1 |
| 15:40 | HGB · wall_segment Palisade Wall x1 |
| 15:40 | bilibili knightk · wall_segment Palisade Wall x1 |
| 15:41 | HGB · wall_segment Palisade Wall x1 |
| 15:42 | bilibili knightk · wall_segment Palisade Wall x1 |
| 15:43 | HGB · wall_segment Palisade Wall x1 |
| 15:44 | bilibili knightk · wall_segment Palisade Wall x1 |
| 15:45 | bilibili knightk · wall_segment Palisade Wall x1 |
| 15:49 | bilibili knightk · wall_segment Palisade Wall x1 |
| 16:22 | [R1] Pume · wall_segment Palisade Wall x1 |
| 17:02 | Imfury_ · age_up castle |
| 17:05 | Oni.TaToH · age_up castle |
| 17:09 | [R1] 12Tirador · wall_segment Palisade Wall x1 |
| 17:11 | [R1] 12Tirador · wall_segment Palisade Wall x1 |
| 17:12 | [R1] 12Tirador · wall_segment Palisade Wall x1 |
| 17:14 | [R1] 12Tirador · wall_segment Palisade Wall x1 |
| 17:15 | Oni.TaToH · first_building Monastery |
| 17:17 | Oni.TaToH · wall_segment Palisade Wall x10 |
| 17:34 | [R1] PoXoLo · age_up castle |
| 17:38 | JN- · age_up castle |
| 17:39 | bilibili knightk · wall_segment Palisade Wall x1 |
| 17:42 | JN- · first_building Monastery |
| 17:43 | HGB · age_up castle |
| 17:51 | [R1] PoXoLo · first_building Castle |
| 17:54 | [R1] PoXoLo · wall_segment Palisade Wall x1 |
| 17:57 | [R1] PoXoLo · wall_segment Palisade Wall x1 |
| 18:00 | [R1] 12Tirador · first_market_sell 100 stone |
| 18:03 | HGB · wall_segment Palisade Wall x1 |
| 18:05 | HGB · wall_segment Palisade Wall x1 |
| 18:06 | [R1] Pume · age_up castle |
| 18:09 | Oni.TaToH · wall_segment Palisade Wall x1 |
| 18:10 | Oni.TaToH · wall_segment Palisade Wall x1 |
| 18:11 | Oni.TaToH · wall_segment Palisade Wall x1 |
| 18:13 | Oni.TaToH · wall_segment Palisade Wall x1 |
| 18:14 | bilibili knightk · wall_segment Palisade Wall x1 |
| 18:23 | [R1] PoXoLo · first_market_buy 100 stone |
| 18:28 | Oni.TaToH · wall_segment Palisade Wall x1 |
| 18:28 | bilibili knightk · wall_segment Palisade Wall x1 |
| 18:45 | JN- · first_market_buy 100 wood |
| 18:48 | HGB · first_market_buy 100 stone |
| 19:13 | Oni.TaToH · wall_segment Palisade Wall x1 |
| 19:30 | Imfury_ · first_building Siege Workshop |
| 19:33 | Imfury_ · wall_segment Palisade Wall x1 |
| 19:54 | Imfury_ · first_market_buy 100 food |
| 21:01 | [R1] 12Tirador · age_up castle |
| 21:25 | bilibili knightk · wall_segment Palisade Wall x1 |
| 21:27 | bilibili knightk · wall_segment Palisade Wall x1 |
| 21:28 | [R1] PoXoLo · first_building Monastery |
| 21:33 | bilibili knightk · wall_segment Palisade Wall x1 |
| 21:37 | bilibili knightk · wall_segment Palisade Wall x1 |
| 21:39 | bilibili knightk · wall_segment Palisade Wall x1 |
| 21:39 | HGB · first_building Siege Workshop |
| 21:55 | Oni.TaToH · first_market_buy 100 food |
| 22:21 | [R1] Pume · wall_segment Palisade Wall x1 |
| 22:24 | Imfury_ · first_building Monastery |
| 22:25 | [R1] Pume · wall_segment Palisade Wall x1 |
| 22:26 | bilibili knightk · wall_segment Palisade Wall x1 |
| 22:26 | [R1] Pume · wall_segment Palisade Wall x1 |
| 22:28 | [R1] Pume · wall_segment Palisade Wall x1 |
| 23:09 | Oni.TaToH · wall_segment Palisade Wall x1 |
| 23:42 | Oni.TaToH · wall_segment Palisade Wall x1 |
| 23:42 | [R1] Pume · wall_segment Palisade Wall x1 |
| 23:45 | [R1] Pume · wall_segment Palisade Wall x1 |
| 23:47 | [R1] Pume · wall_segment Palisade Wall x1 |
| 23:50 | bilibili knightk · wall_segment Palisade Wall x1 |
| 24:07 | [R1] Pume · first_building Siege Workshop |
| 24:08 | Imfury_ · first_market_sell 100 wood |
| 24:38 | bilibili knightk · wall_segment Stone Wall x2 |
| 24:41 | bilibili knightk · wall_segment Stone Wall x1 |
| 24:43 | bilibili knightk · wall_segment Stone Wall x1 |
| 25:31 | bilibili knightk · first_market_buy 100 wood |
| 25:51 | JN- · wall_segment Palisade Wall x1 |
| 25:52 | JN- · wall_segment Palisade Wall x1 |
| 26:03 | Oni.TaToH · first_building Stable |
| 26:39 | HGB · resign |
[ AI ANALYSIS · 1 CREDIT ]
What really happened in this match?
Wolo.gg analyzes every decision: build order, eco, micro, common mistakes by bracket. Personalized analysis on WhatsApp or Discord in 30 seconds.
Civ guide
Burgundians
Perfil
PoXoLo